AoeStats
← Daranguren

Hideout

509721465Analyzed
1v1 RM · 6d ago on Sep 27, 2026· 57m 17s· 2 players
Game mode
Random Map
Map size
Tiny (2 player)
Population
200
Speed
Normal
Resources
Standard
Victory
Conquest
Starting age
Dark Age
Ending age
Imperial Age
RankedLock teamsTeams togetherTeam positionsShared explorationLock speedFull tech treeHidden civsTurbo modeCheats
Victory
Defeat
🇫🇷 Khmer · France
766
+14
🇪🇸 Portuguese · Spain
723
-27
Daranguren
3:09 Loom
10:39 Feudal Age
11:19 Double-Bit Axe
11:17 Horse Collar
11:05 Man-at-Arms
14:11 Gold Mining
17:33 Wheelbarrow
18:47 Scale Mail Armor
20:06 Forging
20:35 Fletching
23:52 Castle Age
22:33 Arson
22:52 Padded Archer Armor
24:52 Hand Cart
24:25 Pikeman
24:30 Crossbowman
26:55 Heavy Plow
27:09 Bow Saw
29:18 Chain Mail Armor
33:24 Gambesons
33:53 Thumb Ring
37:59 Iron Casting
41:05 Imperial Age
42:19 Arbalester
44:50 Chemistry
Jayavarman XCI
11:26 Feudal Age
14:42 Castle Age
13:12 Double-Bit Axe
13:09 Horse Collar
24:11 Light Cavalry
25:39 Bow Saw
25:20 Gold Mining
25:30 Heavy Plow
27:01 Bloodlines
26:51 Husbandry
27:01 Husbandry
28:24 Loom
29:46 Forging
29:46 Scale Barding Armor
31:39 Gold Shaft Mining
31:20 Crossbowman
39:17 Imperial Age
38:20 Forging
38:11 Scale Mail Armor
38:31 Chain Barding Armor
41:11 Stone Mining
41:28 Heavy Scorpion
42:44 Ballistics
42:12 Pikeman
45:40 Double Crossbow
46:01 Conscription
47:43 Chemistry
46:49 Siege Engineers
46:24 Hussar
54:23 Spies/Treason
57:23 Plate Barding Armor
Connection lost

Rejoining the realm…

Still unreachable

The connection could not be restored.

Session expired

The server has moved on; the page needs a fresh start.